| TOP OF THE 1ST |
|
Roswell Invaders batting - Pitching for Amarillo ThunderHeads : RHP Shane Ford
|
|
Pitching: RHP Shane Ford
|
|
|
Batting: LHB Marshall Rives
|
0-0: Ball 1-0: Ball 2-0: Ball 3-0: Base on Balls
|
|
Batting: LHB Josh Snyder
|
0-0: Called Strike 0-1: Ball 1-1: Swinging Strike 1-2: Fly out, F7 (Flyball, 78S, EV 85.6 MPH)
|
|
Batting: RHB Juan Mejia
|
0-0: Ball 1-0: Ball Marshall Rives is caught stealing 2nd base 2-4 2-0: SOLO HOME RUN (Line Drive, 7D, EV 96.9 MPH), Distance : 375 ft
|
|
Batting: RHB Benjie Alejandro
|
0-0: Called Strike 0-1: Ball 1-1: Ground out 1-3 (Groundball, 34S, EV 76.2 MPH)
|
| Top of the 1st over - 1 run, 1 hit, 0 errors, 0 left on base; Roswell 1 - Amarillo 0 |
| BOTTOM OF THE 1ST |
|
Amarillo ThunderHeads batting - Pitching for Roswell Invaders : RHP Ulbert Beltman
|
|
Pitching: RHP Ulbert Beltman
|
|
|
Batting: LHB Carlos Guajardo
|
0-0: Foul Ball, location: 2F 0-1: Foul Ball, location: 2F 0-2: SINGLE (Line Drive, 4MD, EV 98.1 MPH)
|
|
Batting: LHB Mike Gruszewski
|
0-0: Foul Ball, location: 2F 0-1: Swinging Strike 0-2: Ball 1-2: Foul Ball, location: 2F 1-2: Foul Ball, location: 2F 1-2: SINGLE (Flyball, 89M, EV 93.8 MPH) Carlos Guajardo to second
|
|
Batting: RHB Bill Flannery
|
0-0: Ball 1-0: Ball 2-0: Ball 3-0: Foul Ball, location: 2F 3-1: Called Strike 3-2: SINGLE (Groundball, 4MD, EV 103.8 MPH) Carlos Guajardo to third Mike Gruszewski to second Throwing error, E8 Carlos Guajardo scores Mike Gruszewski to third Bill Flannery to second
|
|
Batting: LHB Tony Cisneros
|
0-0: Called Strike 0-1: Ball 1-1: Fly out, F9 (Flyball, 9D, EV 107.5 MPH) Runner from 3rd tags up, SCORES, no throw by RF
|
|
Batting: LHB Thie Hofmann
|
0-0: Called Strike 0-1: Called Strike 0-2: Ball 1-2: Ball 2-2: Strikes out looking
|
|
Batting: RHB Jorge Balderama
|
0-0: Called Strike 0-1: Ball 1-1: Called Strike 1-2: Ball 2-2: Fly out, F8 (Flyball, 8RD, EV 100.0 MPH)
|
| Bottom of the 1st over - 2 runs, 3 hits, 1 error, 1 left on base; Roswell 1 - Amarillo 2 |
| TOP OF THE 2ND |
|
Roswell Invaders batting - Pitching for Amarillo ThunderHeads : RHP Shane Ford
|
|
Batting: LHB Nick Walker
|
0-0: SINGLE (Line Drive, 34, EV 94.4 MPH)
|
|
Batting: RHB T.J. House
|
0-0: Called Strike 0-1: Foul Ball, location: 2F 0-2: Strikes out looking
|
|
Batting: LHB Andy Fischer
|
0-0: Foul Ball, location: 2F 0-1: Ball 1-1: Ball 2-1: Swinging Strike 2-2: Fly out, F8 (Flyball, 8LM, EV 83.8 MPH)
|
|
Batting: RHB Shinichi Miyamoto
|
0-0: Swinging Strike 0-1: Ball 1-1: Ball 2-1: Ball 3-1: Swinging Strike 3-2: Base on Balls Nick Walker to second
|
|
Batting: RHB Cullen Kelley
|
0-0: Called Strike 0-1: Swinging Strike 0-2: Strikes out looking
|
| Top of the 2nd over - 0 runs, 1 hit, 0 errors, 2 left on base; Roswell 1 - Amarillo 2 |
| BOTTOM OF THE 2ND |
|
Amarillo ThunderHeads batting - Pitching for Roswell Invaders : RHP Ulbert Beltman
|
|
Batting: LHB Bill Mahoney
|
0-0: Ball 1-0: Ball 2-0: Foul Ball, location: 2F 2-1: Ball 3-1: Called Strike 3-2: Strikes out swinging
|
|
Batting: RHB Eddie Vanderjagt
|
0-0: Foul Ball, location: 2F 0-1: Called Strike 0-2: Ball 1-2: Hit by Pitch
|
|
Batting: RHB Dennis Underwood
|
0-0: Called Strike Eddie Vanderjagt steals 2nd base 0-1: Ball 1-1: Ball 2-1: Ball 3-1: Foul Ball, location: 2F 3-2: Strikes out swinging
|
|
Batting: LHB Carlos Guajardo
|
0-0: Called Strike 0-1: Ball 1-1: Foul Ball, location: 2F 1-2: Ball 2-2: Ball 3-2: Strikes out swinging
|
| Bottom of the 2nd over - 0 runs, 0 hits, 0 errors, 1 left on base; Roswell 1 - Amarillo 2 |
| TOP OF THE 3RD |
|
Roswell Invaders batting - Pitching for Amarillo ThunderHeads : RHP Shane Ford
|
|
Batting: LHB Marshall Rives
|
0-0: Ball 1-0: Ball 2-0: Called Strike 2-1: Ball 3-1: Ground out 5-3 (Groundball, 56, EV 83.8 MPH)
|
|
Batting: LHB Josh Snyder
|
0-0: Called Strike 0-1: Ball 1-1: Ball 2-1: SOLO HOME RUN (Flyball, 9LD, EV 91.9 MPH), Distance : 334 ft
|
|
Batting: RHB Juan Mejia
|
0-0: Ball 1-0: Foul Ball, location: 2F 1-1: DOUBLE (Groundball, 5L, EV 94.4 MPH)
|
|
Batting: RHB Benjie Alejandro
|
0-0: Ball 1-0: Swinging Strike 1-1: Called Strike 1-2: Foul Ball, location: 2F 1-2: Foul Ball, location: 2F 1-2: Ball 2-2: Ground out 5-3 (Groundball, 5, EV 83.1 MPH)
|
|
Batting: LHB Nick Walker
|
0-0: Ball 1-0: Ground out U3 (Groundball, 3, EV 103.8 MPH)
|
| Top of the 3rd over - 1 run, 2 hits, 0 errors, 1 left on base; Roswell 2 - Amarillo 2 |
| BOTTOM OF THE 3RD |
|
Amarillo ThunderHeads batting - Pitching for Roswell Invaders : RHP Ulbert Beltman
|
|
Batting: LHB Mike Gruszewski
|
0-0: Ball 1-0: Called Strike 1-1: Swinging Strike 1-2: Ball 2-2: Ball 3-2: Foul Ball, location: 2F 3-2: Base on Balls
|
|
Batting: RHB Bill Flannery
|
0-0: Called Strike 0-1: Swinging Strike 0-2: Fly out, F7 (Line Drive, 7S, EV 93.1 MPH)
|
|
Batting: LHB Tony Cisneros
|
0-0: Foul Ball, location: 2F 0-1: Called Strike 0-2: Ball 1-2: Ball 2-2: Strikes out swinging
|
|
Batting: LHB Thie Hofmann
|
0-0: Ball 1-0: Ball 2-0: Called Strike 2-1: Foul Ball, location: 2F 2-2: Foul Ball, location: 2F 2-2: Fly out, F7 (Flyball, 7LS, EV 83.1 MPH)
|
| Bottom of the 3rd over - 0 runs, 0 hits, 0 errors, 1 left on base; Roswell 2 - Amarillo 2 |
| TOP OF THE 4TH |
|
Roswell Invaders batting - Pitching for Amarillo ThunderHeads : RHP Shane Ford
|
|
Batting: RHB T.J. House
|
0-0: Fly out, F7 (Flyball, 78S, EV 80.6 MPH)
|
|
Batting: LHB Andy Fischer
|
0-0: Swinging Strike 0-1: Ball 1-1: Ball 2-1: Foul Ball, location: 2F 2-2: Foul Ball, location: 2F 2-2: Fly out, F8 (Flyball, 8RD, EV 100.6 MPH)
|
|
Batting: RHB Shinichi Miyamoto
|
0-0: Ball 1-0: Ball 2-0: Ball 3-0: Called Strike 3-1: Base on Balls
|
|
Batting: RHB Cullen Kelley
|
0-0: Called Strike 0-1: Ball 1-1: Ball 2-1: SINGLE (Groundball, 6MD, EV 95.0 MPH) Shinichi Miyamoto to second Runner from 2nd tries for 3rd, OUT! 8-5
|
| Top of the 4th over - 0 runs, 1 hit, 0 errors, 1 left on base; Roswell 2 - Amarillo 2 |
| BOTTOM OF THE 4TH |
|
Amarillo ThunderHeads batting - Pitching for Roswell Invaders : RHP Ulbert Beltman
|
|
Batting: RHB Jorge Balderama
|
0-0: Ball 1-0: Ball 2-0: Ball 3-0: Base on Balls
|
|
Batting: LHB Bill Mahoney
|
0-0: Called Strike 0-1: SINGLE (Flyball, 4MD, EV 94.4 MPH) Jorge Balderama to second
|
|
Batting: RHB Eddie Vanderjagt
|
0-0: Fly out, F7 (Flyball, 78S, EV 78.8 MPH)
|
|
Batting: RHB Dennis Underwood
|
0-0: SINGLE (Flyball, 3D, EV 96.9 MPH) Jorge Balderama to third Bill Mahoney to second
|
|
Batting: LHB Carlos Guajardo
|
0-0: Ball 1-0: Ball 2-0: Ball 3-0: Called Strike 3-1: Foul Ball, location: 2F 3-2: Foul Ball, location: 2F 3-2: Fly out, F9 (Flyball, 9, EV 93.1 MPH) Runner from 3rd tags up, SCORES, throw by RF Bill Mahoney to third
|
|
Batting: LHB Mike Gruszewski
|
0-0: Called Strike 0-1: Fly out, F8 (Flyball, 8RD, EV 108.1 MPH)
|
| Bottom of the 4th over - 1 run, 2 hits, 0 errors, 2 left on base; Roswell 2 - Amarillo 3 |
| TOP OF THE 5TH |
|
Roswell Invaders batting - Pitching for Amarillo ThunderHeads : RHP Shane Ford
|
|
Batting: LHB Marshall Rives
|
0-0: Called Strike 0-1: Ball 1-1: Ball 2-1: Called Strike 2-2: Foul Ball, location: 2F 2-2: Foul Ball, location: 2F 2-2: Strikes out swinging
|
|
Batting: LHB Josh Snyder
|
0-0: Called Strike 0-1: Foul Ball, location: 2F 0-2: Foul Ball, location: 2F 0-2: Ball 1-2: SINGLE (Line Drive, 89S, EV 109.4 MPH)
|
|
Pitching: RHP Dan Corrow
|
|
|
Batting: RHB Juan Mejia
|
0-0: Ball 1-0: Foul Ball, location: 2F 1-1: Called Strike 1-2: Grounds into double play, U3-6 (Groundball, 3L, EV 88.1 MPH)
|
| Top of the 5th over - 0 runs, 1 hit, 0 errors, 0 left on base; Roswell 2 - Amarillo 3 |
| BOTTOM OF THE 5TH |
|
Amarillo ThunderHeads batting - Pitching for Roswell Invaders : RHP Ulbert Beltman
|
|
Batting: RHB Bill Flannery
|
0-0: Ball 1-0: Fly out, F8 (Line Drive, 8LM, EV 96.2 MPH)
|
|
Batting: LHB Tony Cisneros
|
0-0: Ground out 3-1 (Groundball, 34S, EV 84.4 MPH)
|
|
Batting: LHB Thie Hofmann
|
0-0: Called Strike 0-1: Foul Ball, location: 2F 0-2: Ball 1-2: Ball 2-2: Ball 3-2: Ground out 3-1 (Groundball, 34, EV 88.1 MPH)
|
| Bottom of the 5th over - 0 runs, 0 hits, 0 errors, 0 left on base; Roswell 2 - Amarillo 3 |
| TOP OF THE 6TH |
|
Roswell Invaders batting - Pitching for Amarillo ThunderHeads : RHP Dan Corrow
|
|
Batting: RHB Benjie Alejandro
|
0-0: Called Strike 0-1: Called Strike 0-2: Ball 1-2: Foul Ball, location: 2F 1-2: Ball 2-2: Foul Ball, location: 2F 2-2: Strikes out looking
|
|
Batting: LHB Nick Walker
|
0-0: Ball 1-0: Ball 2-0: Ball 3-0: Base on Balls
|
|
Pinch Hitting: RHB Hidemitsu Matsuno
|
0-0: Swinging Strike 0-1: Ball 1-1: Foul Ball, location: 2F 1-2: Reached on error, E6 (Groundball, 6, EV 96.9 MPH) Nick Walker to second
|
|
Batting: LHB Andy Fischer
|
0-0: Ball 1-0: Called Strike 1-1: Swinging Strike 1-2: Strikes out looking
|
|
Batting: RHB Shinichi Miyamoto
|
0-0: Called Strike 0-1: Foul Ball, location: 2F 0-2: Ball 1-2: Ball 2-2: Fielders Choice at 2nd, 6-4 (Groundball, 6, EV 110.0 MPH)
|
| Top of the 6th over - 0 runs, 0 hits, 1 error, 2 left on base; Roswell 2 - Amarillo 3 |
| BOTTOM OF THE 6TH |
|
Amarillo ThunderHeads batting - Pitching for Roswell Invaders : RHP Ulbert Beltman
|
|
Now at 1B: Hidemitsu Matsuno
|
|
|
Batting: RHB Jorge Balderama
|
0-0: Ball 1-0: Ball 2-0: Ball 3-0: Called Strike 3-1: Ground out 4-3 (Groundball, 4, EV 90.6 MPH)
|
|
Batting: LHB Bill Mahoney
|
0-0: Called Strike 0-1: SINGLE (Groundball, 56D, EV 99.4 MPH)
|
|
Batting: RHB Eddie Vanderjagt
|
0-0: Called Strike 0-1: Swinging Strike 0-2: Ball 1-2: Hit by Pitch Bill Mahoney to second
|
|
Pitching: LHP Jayden Spearman
|
|
|
Batting: RHB Dennis Underwood
|
0-0: Ball 1-0: Called Strike 1-1: Called Strike 1-2: Ball 2-2: Foul Ball, location: 2F 2-2: Strikes out swinging
|
|
Batting: LHB Carlos Guajardo
|
0-0: Foul Ball, location: 2F 0-1: Foul Ball, location: 2F 0-2: Ball 1-2: Foul Ball, location: 2F 1-2: Foul Ball, location: 2F 1-2: Ball 2-2: Foul Ball, location: 2F 2-2: Foul Ball, location: 2F 2-2: Foul Ball, location: 2F 2-2: Fly out, F8 (Flyball, 8RM, EV 85.0 MPH)
|
| Bottom of the 6th over - 0 runs, 1 hit, 0 errors, 2 left on base; Roswell 2 - Amarillo 3 |
| TOP OF THE 7TH |
|
Roswell Invaders batting - Pitching for Amarillo ThunderHeads : RHP Dan Corrow
|
|
Now at 1B: Eric Camillo
|
|
|
Pinch Hitting: RHB Ray Bieber
|
0-0: Foul Ball, location: 2F 0-1: Fly out, F6 (Line Drive, 56D, EV 58.1 MPH)
|
|
Pinch Hitting: RHB Jason Hanson
|
0-0: Ball 1-0: Swinging Strike 1-1: Ball 2-1: Swinging Strike 2-2: Foul Ball, location: 2F 2-2: Strikes out looking
|
|
Batting: LHB Josh Snyder
|
0-0: Fly out, F5 (Popup, 56S, EV 90.0 MPH)
|
| Top of the 7th over - 0 runs, 0 hits, 0 errors, 0 left on base; Roswell 2 - Amarillo 3 |
| BOTTOM OF THE 7TH |
|
Amarillo ThunderHeads batting - Pitching for Roswell Invaders : LHP Jayden Spearman
|
|
Now at 2B: Sandy Burke
|
|
|
Now in CF: Matt Tanner
|
|
|
Now in RF: Nick Walker
|
|
|
Batting: LHB Mike Gruszewski
|
0-0: Swinging Strike 0-1: Ball 1-1: Ball 2-1: Ball 3-1: Called Strike 3-2: Ground out 4-3 (Groundball, 4, EV 83.8 MPH)
|
|
Batting: RHB Bill Flannery
|
0-0: Ball 1-0: Ball 2-0: Swinging Strike 2-1: Ball 3-1: Base on Balls
|
|
Batting: LHB Tony Cisneros
|
0-0: Ball 1-0: Called Strike 1-1: Ball 2-1: Called Strike 2-2: Ball 3-2: Strikes out swinging
|
|
Batting: RHB Ray Travis
|
0-0: Swinging Strike 0-1: SINGLE (Line Drive, 78S, EV 105.0 MPH) Bill Flannery to second
|
|
Pitching: LHP John van Asten
|
|
|
Batting: RHB Jorge Balderama
|
0-0: Called Strike 0-1: Ball 1-1: Called Strike 1-2: Foul Ball, location: 2F 1-2: Fly out, F7 (Flyball, 78S, EV 82.5 MPH)
|
| Bottom of the 7th over - 0 runs, 1 hit, 0 errors, 2 left on base; Roswell 2 - Amarillo 3 |
| TOP OF THE 8TH |
|
Roswell Invaders batting - Pitching for Amarillo ThunderHeads : RHP Dan Corrow
|
|
Batting: RHB Juan Mejia
|
0-0: Ball 1-0: Ball 2-0: Foul Ball, location: 2F 2-1: Ball 3-1: Base on Balls
|
|
Pitching: RHP Trent Murdock
|
|
|
Batting: RHB Benjie Alejandro
|
0-0: Fly out, F9 (Flyball, 9S, EV 84.4 MPH)
|
|
Pinch Hitting: LHB Ivan Cortez
|
0-0: Foul Ball, location: 2F 0-1: Foul Ball, location: 2F 0-2: Foul Ball, location: 2F 0-2: Grounds out, U3 (Groundball, 3L, EV 82.5 MPH)
|
|
Batting: RHB Hidemitsu Matsuno
|
0-0: Ball 1-0: SINGLE (Line Drive, 8RS, EV 97.5 MPH) Juan Mejia to third Runner from 3rd tries for Home, SAFE, throw by CF to home
|
|
Pinch Hitting: LHB Andrew Moore
|
0-0: Ball 1-0: Ball 2-0: Foul Ball, location: 2F 2-1: Foul Ball, location: 2F 2-2: Ball 3-2: Base on Balls Hidemitsu Matsuno to second
|
|
Batting: RHB Shinichi Miyamoto
|
0-0: Ball 1-0: Ball 2-0: Called Strike 2-1: Ball 3-1: SINGLE (Line Drive, 4D, EV 95.6 MPH) Hidemitsu Matsuno to third Andrew Moore to second
|
|
Batting: LHB Matt Tanner
|
0-0: Ball 1-0: Called Strike 1-1: Ball 2-1: Ground out 6-3 (Groundball, 6D, EV 102.5 MPH)
|
| Top of the 8th over - 1 run, 2 hits, 0 errors, 3 left on base; Roswell 3 - Amarillo 3 |
| BOTTOM OF THE 8TH |
|
Amarillo ThunderHeads batting - Pitching for Roswell Invaders : LHP John van Asten
|
|
Now in LF: Matt Satterfield
|
|
|
Now in CF: Ivan Cortez
|
|
|
Now in RF: Matt Tanner
|
|
|
Pinch Hitting: RHB Nick Hernandes
|
0-0: Ball 1-0: Swinging Strike 1-1: Fly out, F8 (Flyball, 8RM, EV 95.6 MPH)
|
|
Batting: RHB Eddie Vanderjagt
|
0-0: Ball 1-0: Ball 2-0: SINGLE (Line Drive, 34D, EV 102.5 MPH)
|
|
Batting: RHB Dennis Underwood
|
0-0: Ball 1-0: Ball 2-0: DOUBLE (Line Drive, 78M, EV 106.9 MPH) Eddie Vanderjagt to third Runner from 3rd tries for Home, throw by LF and OUT! 7-6-2
|
|
Batting: RHB Eric Camillo
|
0-0: Called Strike 0-1: Foul Ball, location: 2F 0-2: Ball 1-2: Strikes out looking
|
| Bottom of the 8th over - 0 runs, 2 hits, 0 errors, 1 left on base; Roswell 3 - Amarillo 3 |
| TOP OF THE 9TH |
|
Roswell Invaders batting - Pitching for Amarillo ThunderHeads : RHP Trent Murdock
|
|
Now in CF: Jose Ramirez
|
|
|
Batting: SHB Sandy Burke
|
0-0: Called Strike 0-1: Foul Ball, location: 2F 0-2: Strikes out looking
|
|
Batting: LHB Julio Zamora
|
0-0: Ball 1-0: Foul Ball, location: 2F 1-1: Ball 2-1: Swinging Strike 2-2: Ball 3-2: Strikes out swinging, 2-3 out at first.
|
|
Batting: RHB Juan Mejia
|
0-0: Reached on error, E5 (Groundball, 5, EV 84.4 MPH)
|
|
Batting: RHB Benjie Alejandro
|
0-0: Fly out, F9 (Flyball, 9LM, EV 91.2 MPH)
|
| Top of the 9th over - 0 runs, 0 hits, 1 error, 1 left on base; Roswell 3 - Amarillo 3 |
| BOTTOM OF THE 9TH |
|
Amarillo ThunderHeads batting - Pitching for Roswell Invaders : LHP John van Asten
|
|
Pitching: LHP Tim Voshell
|
|
|
Batting: LHB Mike Gruszewski
|
0-0: Called Strike 0-1: Ball 1-1: Ground out 4-3 (Groundball, 34, EV 100.6 MPH)
|
|
Batting: RHB Bill Flannery
|
0-0: Called Strike 0-1: Called Strike 0-2: Ball 1-2: Foul Ball, location: 2F 1-2: Ball 2-2: Ground out 6-3 (Groundball, 6, EV 103.1 MPH)
|
|
Batting: LHB Tony Cisneros
|
0-0: Called Strike 0-1: Ball 1-1: Ground out 5-3 (Groundball, 56, EV 85.6 MPH)
|
| Bottom of the 9th over - 0 runs, 0 hits, 0 errors, 0 left on base; Roswell 3 - Amarillo 3 |
| TOP OF THE 10TH |
|
Roswell Invaders batting - Pitching for Amarillo ThunderHeads : RHP Trent Murdock
|
|
Pitching: RHP Neil Coutee
|
|
|
Batting: LHB Ivan Cortez
|
0-0: Called Strike 0-1: Foul Ball, location: 2F 0-2: Ball 1-2: Ground out 4-3 (Groundball, 4, EV 87.5 MPH)
|
|
Batting: RHB Hidemitsu Matsuno
|
0-0: Ball 1-0: Called Strike 1-1: Foul Ball, location: 2F 1-2: Strikes out swinging
|
|
Pinch Hitting: RHB Danny Valentin
|
0-0: Swinging Strike 0-1: Called Strike 0-2: Ball 1-2: Strikes out looking
|
| Top of the 10th over - 0 runs, 0 hits, 0 errors, 0 left on base; Roswell 3 - Amarillo 3 |
| BOTTOM OF THE 10TH |
|
Amarillo ThunderHeads batting - Pitching for Roswell Invaders : LHP Tim Voshell
|
|
Now in LF: Dan Long
|
|
|
Batting: RHB Ray Travis
|
0-0: Ball 1-0: Foul Ball, location: 2F 1-1: Foul Ball, location: 2F 1-2: Strikes out swinging
|
|
Pinch Hitting: RHB Shi-fu Cuan
|
0-0: Called Strike 0-1: Foul Ball, location: 2F 0-2: Strikes out swinging, 2-3 out at first.
|
|
Batting: SHB Jose Ramirez
|
0-0: Ball 1-0: TRIPLE (Line Drive, 9LD, EV 96.9 MPH)
|
|
Pinch Hitting: RHB Adrian Quilantan
|
0-0: Intentional Walk
|
|
Batting: RHB Dennis Underwood
|
0-0: Fly out, F6 (Popup, 6, EV 77.5 MPH)
|
| Bottom of the 10th over - 0 runs, 1 hit, 0 errors, 2 left on base; Roswell 3 - Amarillo 3 |
| TOP OF THE 11TH |
|
Roswell Invaders batting - Pitching for Amarillo ThunderHeads : RHP Neil Coutee
|
|
Now at 3B: Bill Flannery
|
|
|
Now at SS: Shi-fu Cuan
|
|
|
Now in LF: Ovidiu Kober
|
|
|
Batting: RHB Shinichi Miyamoto
|
0-0: Ball 1-0: Ball 2-0: Ball 3-0: Called Strike 3-1: DOUBLE (Flyball, 8LXD, EV 103.8 MPH)
|
|
Batting: LHB Matt Tanner
|
0-0: Intentional Walk
|
|
Batting: SHB Sandy Burke
|
0-0: Ground out 4-3 (Groundball, 4S, EV 75.0 MPH) Shinichi Miyamoto to third Matt Tanner to second
|
|
Batting: LHB Julio Zamora
|
0-0: Called Strike 0-1: SINGLE (Groundball, 56D, EV 97.5 MPH) Shinichi Miyamoto scores Matt Tanner to third Runner from 3rd tries for Home, SAFE, throw by LF to home
|
|
Batting: RHB Juan Mejia
|
0-0: Ball 1-0: Ball 2-0: 2-RUN HOME RUN (Flyball, 89XD, EV 97.5 MPH), Distance : 380 ft
|
|
Pitching: RHP Javier Chavez
|
|
|
Batting: RHB Benjie Alejandro
|
0-0: Ball 1-0: Ball 2-0: Called Strike 2-1: Called Strike 2-2: Strikes out looking
|
|
Batting: LHB Ivan Cortez
|
0-0: Ball 1-0: Fly out, F8 (Flyball, 8LM, EV 85.6 MPH)
|
| Top of the 11th over - 4 runs, 3 hits, 0 errors, 0 left on base; Roswell 7 - Amarillo 3 |
| BOTTOM OF THE 11TH |
|
Amarillo ThunderHeads batting - Pitching for Roswell Invaders : LHP Tim Voshell
|
|
Batting: RHB Eric Camillo
|
0-0: Foul Ball, location: 2F 0-1: Called Strike 0-2: Ball 1-2: Ball 2-2: Ball 3-2: Foul Ball, location: 2F 3-2: Foul Ball, location: 2F 3-2: Foul Ball, location: 2F 3-2: Fly out, F4 (Popup, 34D, EV 49.4 MPH)
|
|
Batting: LHB Mike Gruszewski
|
0-0: Ball 1-0: Called Strike 1-1: Ball 2-1: Ball 3-1: SINGLE (Groundball, 4MD, EV 98.1 MPH)
|
|
Batting: RHB Bill Flannery
|
0-0: Ball 1-0: Ball 2-0: Swinging Strike 2-1: Ball 3-1: Fly out, F6 (Line Drive, 6, EV 68.1 MPH)
|
|
Pitching: LHP Tin-jong Que
|
|
|
Batting: LHB Tony Cisneros
|
0-0: Ground out 4-3 (Groundball, 4, EV 85.6 MPH)
|
| Bottom of the 11th over - 0 runs, 1 hit, 0 errors, 1 left on base; Roswell 7 - Amarillo 3 |
|